 Dungeon Crawl Stone Soup version 0.28-a0-1339-ga5422284a4 (webtiles) character file.

Game seed: 1893842654849265022

119 ryw the Skirmisher (level 4, -3/38 HPs)
             Began as a Demigod Fighter on Dec 29, 2021.
             Slain by an ogre (15 damage)
             ... on level 4 of the Dungeon.
             The game lasted 00:03:38 (2545 turns).

ryw the Skirmisher (Demigod Fighter)                Turns: 2545, Time: 00:03:39

Health: -3/38      AC:  6    Str: 21    XL:     4   Next: 47%
Magic:  6/6        EV:  9    Int: 10    God:
Gold:   37         SH:  4    Dex: 13    Spells: 3/3 levels left

rFire   . . .      SeeInvis .   a - +1 war axe
rCold   . . .      Faith    .   c - +0 buckler
rNeg    . . .      Spirit   .   b - +0 scale mail
rPois   .          Reflect  .   (no helmet)
rElec   .          Harm     .   (no cloak)
rCorr   .          Rampage  .   (no gloves)
Will    .....                   (no boots)
Stlth   ..........              r - amulet of the acrobat
HPRegen 0.12/turn               (no ring)
MPRegen 0.10/turn               (no ring)

@: mighty
A: high mp 1, forlorn, divine attributes
a: no special abilities


You were on level 4 of the Dungeon.
You visited 1 branch of the dungeon, and saw 4 of its levels.

You collected 37 gold pieces.

Inventory:

Hand Weapons
 a - a +1 war axe (weapon)
Missiles
 f - 50 poisoned darts
 l - 3 javelins (quivered)
 n - 5 datura-tipped darts
Armour
 b - a +0 scale mail (worn)
 c - a +0 buckler (worn)
 o - an orb of energy
Jewellery
 k - a ring of magical power
 r - an amulet of the acrobat (around neck)
Scrolls
 e - 5 scrolls of identify
 i - 2 scrolls of teleportation
Potions
 d - a potion of might
 g - 2 potions of curing
 h - a potion of mutation
 j - a potion of ambrosia {unknown}
 m - a potion of lignification {unknown}
 p - a potion of attraction {unknown}


   Skills:
 + Level 3.5 Fighting
 * Level 3.4 Axes
 - Level 1.0 Throwing
 - Level 2.8 Armour
 - Level 2.8 Shields


You had 3 spell levels left.
You didn't know any spells.
Your spell library was empty.

Dungeon Overview and Level Annotations

Branches:
Dungeon (4/15)
 Temple: D:4-7


Innate Abilities, Weirdness & Mutations

You have an increased reservoir of magic. (+10% MP)
You shall have no god before yourself.
Your divine heritage dramatically boosts your attributes as you level up.


Message History

You closely miss the adder.
The adder is lightly wounded.
You block the adder's attack.
You miss the adder.
The adder is lightly wounded.
You block the adder's attack. The adder bites you.
You hit the adder.
The adder is moderately wounded.
The adder barely misses you. x2
You barely miss the adder.
The adder is moderately wounded.
The adder completely misses you. The adder barely misses you.
You closely miss the adder.
The adder is moderately wounded.
The adder closely misses you. The adder barely misses you.
You slash the adder!
You kill the adder!
No target in view!
No target in view!
No target in view!
An ogre comes into view. It is wielding a +0 giant club.
You feel very mighty all of a sudden. The ogre closely misses you.
You slash the ogre!
The ogre is heavily wounded.
The ogre barely misses you.
You slash the ogre!
The ogre is almost dead.
The ogre hits you with a +0 giant club!!
Ouch! That really hurt!
You are too injured to fight recklessly!
You are too injured to fight recklessly!
You are too injured to fight recklessly!
You barely miss the ogre.
The ogre is almost dead.
The ogre barely misses you.
You hit the ogre.
The ogre is almost dead.
The ogre hits you with a +0 giant club!
You die...

#. #.... #...
.... ###.. ....
#######.###.#
....
........@O..#
.....######.##..#
#. #.... ...##.#
.#
#.##..#.###.##.#
#
.........#.....#
.......#.##....#
#...#.##....#
#......#....##
#...#..#.....#


You could see an ogre.

Vanquished Creatures
  An orc priest (D:3)
  3 adders
  3 dart slugs
  3 orcs (D:3)
  5 ball pythons
  5 endoplasms
  2 giant cockroaches
  10 goblins
  A hobgoblin (D:1)
  5 kobolds
  2 quokkas (D:1)
  5 bats
  6 frilled lizards
  A rat (D:1)
52 creatures vanquished.

Notes
Turn   | Place    | Note
-------+----------+-------------------------------------------
     0 | D:1      | ryw the Demigod Fighter began the quest for the Orb.
     0 | D:1      | Reached XP level 1. HP: 18/18 MP: 3/3
   362 | D:1      | Reached XP level 2. HP: 25/25 MP: 4/4
  1320 | D:2      | Reached XP level 3. HP: 30/31 MP: 5/5
  1912 | D:3      | HP: 1/31 [orc priest (6)]
  2166 | D:3      | Reached XP level 4. HP: 38/38 MP: 6/6
  2328 | D:3      | Reached skill level 1 in Throwing
  2539 | D:4      | Noticed an ogre
  2545 | D:4      | Slain by an ogre

Illustrated notes

Levels and vault maps discovered:
D:1:      mrwooster_arrival_statue, layout_loops_corners,
          basic_ecumenical_altar, lemuel_old_faithful
D:2:      layout_rooms, chequers_serial_rivers_micro_c
D:3:      layout_rooms, dk_noncrumbling_2
D:4:      layout_basic, cheibriados_altar_1, grunt_temple_overflow_open,
          chequers_temple_overflow_statue_of_worship

Skill      XL: |  1  2  3  4 |
---------------+-------------+-----
Axes           | 2 3 |  3.4
Fighting       | 3 |  3.5
Throwing       | 1 |  1.0
Armour         | |  2.8
Shields        | |  2.8

Action                   |  1- 3 |  4- 6 || total
-------------------------+-------+-------++-------
Melee: War axe           |   101 |    50 ||   151
  Use: Scroll            |     4 |     1 ||     5
       Potion            |     1 |     1 ||     2
Armor: Scale mail        |    47 |    26 ||    73
Dodge: Dodged            |    46 |    36 ||    82
Block: Buckler           |    19 |    17 ||    36

Table legend: (Time is in decaauts)
 A = Elapsed time spent in this place.
 B = Non-inter-level travel time spent in this place.
 C = Inter-level travel time spent in this place.
 D = Time resting spent in this place.
 E = Time spent auto-exploring this place.
 F = Levels seen in this place.
 G = Mean time per level.
                   A        B        C        D        E       F      G
               +--------+--------+--------+--------+--------+-----+--------+
         Total |   2604 |   2495 |    109 |    359 |   1703 |   4 |  651.0 |
       Dungeon |   2604 |   2495 |    109 |    359 |   1703 |   4 |  651.0 |
               +--------+--------+--------+--------+--------+-----+--------+

Top non-repeatable levels by time:
     D:1: 962 daAuts
     D:2: 806 daAuts
     D:3: 786 daAuts
     D:4: 49 daAuts
